 Dungeon Crawl Stone Soup version 0.22.1-2-g9c5b331383 (webtiles) character file.

401 Gargoyl the Skirmisher (level 6, -2/52 HPs)
             Began as a Centaur Abyssal Knight on Dec 20, 2018.
             Was a Believer of Lugonu.
             Slain by an orc
             ... wielding a +0 trident
              (5 damage)
             ... on level 3 of the Dungeon.
             The game lasted 00:05:56 (3640 turns).

Gargoyl the Skirmisher (Centaur Abyssal Knight)     Turns: 3640, Time: 00:05:56

Health: -2/52      AC: 10    Str: 20    XL:     6   Next: 54%
Magic:  8/8        EV:  9    Int: 11    God:    Lugonu [**....]
Gold:   148        SH:  0    Dex: 10    Spells: 5/5 levels left

rFire    . . .     SeeInvis .   a - +1 hand axe
rCold    . . .     Gourm    .   (no shield)
rNeg     . . .     Faith    .   o - +0 ring mail
rPois    .         Spirit   .   (no helmet)
rElec    .         Reflect  .   d - +1 cloak
rCorr    .         Harm     .   (no gloves)
MR       +....                  (no barding)
Stlth    ..........             (no amulet)
HPRegen  0.17/turn              l - ring of protection from magic
MPRegen  0.11/turn              g - +2 ring of protection

@: mighty, very quick
A: large, hooves 3, deformed body, speed 2, tough skin 3
a: Depart the Abyss, Bend Space, Renounce Religion


You were on level 3 of the Dungeon.
You worshipped Lugonu.
Lugonu was pleased with you.
You were not hungry.

You visited 1 branch of the dungeon, and saw 4 of its levels.
You visited the Abyss 1 time.

You collected 148 gold pieces.

Inventory:

Hand Weapons
 a - a +1 hand axe (weapon)
Missiles
 q - 2 javelins (quivered)
Armour
 d - a +1 cloak (worn)
 o - a +0 ring mail (worn)
Jewellery
 f - an uncursed ring of resist corrosion
 g - a +2 ring of protection (right hand)
 i - a cursed ring of attention {unknown}
 l - a ring of protection from magic (left hand)
 p - an uncursed ring of flight
Scrolls
 b - a scroll of teleportation
 h - a scroll of identify
 j - a scroll of enchant armour
 k - a scroll of blinking {unknown}
 m - 2 scrolls of magic mapping
Comestibles
 c - 2 rations
 n - 3 chunks of flesh


   Skills:
 + Level 3.7 Fighting
 + Level 3.7 Axes
 + Level 0.3 Throwing
 * Level 3.0 Armour
 + Level 1.7 Dodging
 * Level 3.6 Invocations


You had 5 spell levels left.
You didn't know any spells.
Your spell library was empty.

Dungeon Overview and Level Annotations

Branches:
Dungeon (4/15)
 Temple: D:4-7

Altars:


Innate Abilities, Weirdness & Mutations

You have hooves in place of feet.
Armour fits poorly on your strangely shaped body.
You cover ground very quickly.
You have extremely tough skin. (AC +3)


Message History

Lugonu accepts your kill. The orc hits you but does no damage.
You closely miss the orc. The orc completely misses you.
The orc hits you with a hand axe of chopping.
* * * LOW HITPOINT WARNING * * *
x2 You hit the orc.
You kill the orc!
Lugonu accepts your kill.
The orc hits you from afar with a trident.
* * * LOW HITPOINT WARNING * * *
You hit the jackal.
The jackal is heavily wounded.
The jackal bites you but does no damage.
The orc closely misses you.
The jackal bites you but does no damage.
You barely miss the jackal. You kick the jackal.
You kill the jackal!
Lugonu accepts your kill.
The orc hits you from afar with a trident.
You die...

.. .. #. #. .. #
.### . # ....
...#. .# ......
... ###.# ......
#.# #...# ...h..
##.## #@# ......
#...# ###)#
......##...###.o.#
##
.....l..h...#..###
## ##.
##............##
######. ######.o
#..?..>......##
.......##...o.o#
#...........##
#.o.o######
#..............
.......####
#....[.....##..
......#


You could see an orc.

Vanquished Creatures
  2 crimson imps
  2 orc priests
  A hound (D:4)
  An iguana (D:4)
  An orc wizard (D:3)
  3 worker ants
  A hound skeleton (D:4)
  2 gnolls (D:4)
  A howler monkey skeleton (D:4)
  An adder (D:3)
  A worm (D:2)
  A dart slug (D:4)
  4 leopard geckos
  8 orcs
  3 giant cockroaches
  3 goblins
  5 hobgoblins
  8 jackals
  A quokka (D:2)
  A ball python (D:1)
  10 bats
  3 frilled lizards
  4 kobolds
  4 rats (D:1)
71 creatures vanquished.

Notes
Turn   | Place    | Note
-------+----------+-------------------------------------------
     0 | Abyss:1  | Gargoyl the Centaur Abyssal Knight began the quest for the
                  | Orb.
     0 | Abyss:1  | Reached XP level 1. HP: 19/19 MP: 2/2
    50 | Abyss:1  | Noticed an ancient zyme
    52 | Abyss:1  | Noticed a small abomination
   190 | D:1      | Escaped the Abyss
   683 | D:1      | Reached XP level 2. HP: 22/26 MP: 3/3
   897 | D:1      | Reached * piety under Lugonu
  1709 | D:2      | Reached skill level 1 in Dodging
  1714 | D:2      | Reached XP level 3. HP: 19/31 MP: 4/4
  2418 | D:3      | Reached XP level 4. HP: 11/38 MP: 5/5
  2623 | D:3      | Reached XP level 5. HP: 16/45 MP: 7/7
  2915 | D:3      | Noticed an orc warrior
  3223 | D:4      | Reached ** piety under Lugonu
  3226 | D:4      | Reached XP level 6. HP: 36/51 MP: 8/8
  3640 | D:3      | Slain by an orc

Skill      XL: |  1  2  3  4  5  6 |
---------------+-------------------+-----
Axes           | 2 3 |  3.7
Armour         | 2 3 |  3.0
Dodging        | 1 |  1.7
Invocations    | 3 |  3.6
Fighting       | |  3.7
Throwing       | |  0.3

Action                   |  1- 3 |  4- 6 || total
-------------------------+-------+-------++-------
Melee: Hand axe          |   116 |   153 ||   269
       Kick              |    16 |    31 ||    47
Throw: Javelin           |     7 |     6 ||    13
Invok: Depart the Abyss  |     1 |       ||     1
       Bend Space        |       |     1 ||     1
  Use: Scroll            |     8 |       ||     8
       Potion            |     3 |     2 ||     5
  Eat: Chunk             |     3 |     4 ||     7
Armor: Leather armour    |    19 |       ||    19
       Ring mail         |    62 |   117 ||   179
Dodge: Dodged            |    81 |    64 ||   145
